 Dungeon Crawl Stone Soup version 0.31-a0-851-g7ff8af7976 (webtiles) character file.

Game seed: 8834939688430414368

26 avis the Ruffian (level 2, -1/36 HPs)
             Began as a Demigod Shapeshifter on Oct 6, 2023.
             Slain by a cerulean imp
             ... wielding a +1 spear
             ... summoned by Natasha
              (5 damage)
             ... on level 2 of the Dungeon.
             The game lasted 00:06:52 (1808 turns).

avis the Ruffian (Demigod Shapeshifter)             Turns: 1808, Time: 00:06:52

Health: -1/36      AC: 21    Str: 15    XL:     2   Next: 69%
Magic:  4/4        EV:  2    Int: 12    God:
Gold:   50         SH:  0    Dex: 13    Spells: 1/1 levels left

rFire   . .          .
                       - Unarmed
rCold   . . .        (no shield)
rNeg    . . .        a - melded +0 animal skin
rPois   +            f - melded +0 helmet
rElec   .            (cloak currently unavailable)
rCorr   .            (gloves currently unavailable)
SInv    .            e - melded +0 pair of boots
Will    .....        (no amulet)
Stlth   +            (no ring)
HPRegen 0.26/turn    (no ring)
MPRegen 0.09/turn

%: no passive effects
@: tree-form, slowed, very slow
A: stationary, stasis, torment immunity, boosted hp, high MP 1, forlorn, divine
attributes
a: no special abilities


You were on level 2 of the Dungeon.
You were a tree.
You visited 1 branch of the dungeon, and saw 2 of its levels.

You collected 50 gold pieces.

Inventory:

Armour
 a - a +0 animal skin (melded)
 e - a +0 pair of boots (melded)
 f - a +0 helmet (melded)
Talismans
 b - a beast talisman
 d - a flux talisman
Scrolls
 g - a scroll of fog {unknown}
 h - a scroll of noise {unknown}
 k - 2 scrolls of identify {unknown}
 m - a scroll of poison {unknown}
Potions
 i - a potion of might {unknown}
 j - a potion of haste {unknown}
 l - a potion of mutation {unknown}


   Skills:
 - Level 2.0 Fighting
 - Level 2.0 Dodging
 - Level 3.0 Unarmed Combat
 * Level 2.8 Shapeshifting


You had one spell level left.
You didn't know any spells.
Your spell library contained the following spells:

 Spells                   Type           Power      Damage    Failure   Level
 Ensorcelled Hibernation  Hex/Ice        0%         N/A       45%         2
 Passwall                 Tmut/Erth      0%         N/A       45%         2
 Swiftness                Air            0%         N/A       69%         3
 Conjure Ball Lightning   Conj/Air       0%         3x3d6     100%        6
 Discord                  Hex            0%         N/A       100%        8
 Disjunction              Tloc           0%         N/A       100%        8


Dungeon Overview and Level Annotations

Branches:
Dungeon (2/15)

Annotations:
D:2 Natasha


Innate Abilities, Weirdness & Mutations

You are a tree.
Your roots penetrate the ground, keeping you stationary.
You cannot be teleported.
You are immune to unholy pain and torment.
Your maximum health is greatly increased.
Your equipment is partially melded.
You have an increased reservoir of magic. (+10% MP)
You shall have no god before yourself.
Your divine heritage dramatically boosts your attributes as you level up.


Message History

The cerulean imp hits you with a +1 spear.
You hit Natasha.
Natasha is moderately wounded.
Natasha barely misses you. The cerulean imp misses you.
You closely miss Natasha.
Natasha is moderately wounded.
Natasha stares at you and mumbles some strange words.
You feel as though you will be slow longer.
The cerulean imp hits you with a +1 spear.
Natasha mumbles some strange words.
The cerulean imp closely misses you.
You hit Natasha but do no damage.
Natasha is moderately wounded.
Natasha casts a spell.
The cerulean imp hits you but does no damage.
The cerulean imp barely misses you.
You barely miss Natasha.
Natasha is moderately wounded.
Natasha claws you but does no damage. The cerulean imp closely misses you. x2
The cerulean imp hits you but does no damage.
Natasha casts a spell at you.
You feel as though you will be slow longer.
The cerulean imp hits you with a +1 spear.
You closely miss Natasha.
Natasha is moderately wounded.
The cerulean imp hits you from afar with a +2 spear.
* * * LOW HITPOINT WARNING * * *
The cerulean imp barely misses you. Natasha barely misses you.
The cerulean imp hits you with a +1 spear.
* * * LOW HITPOINT WARNING * * *
The cerulean imp closely misses you.
Your transformation has ended.
Your +0 helmet unmelds from your body.
Your +0 pair of boots unmelds from your body.
You turn into a tree.
Your +0 helmet melds into your body.
Your +0 pair of boots melds into your body.
Your +0 animal skin melds into your body.
Your roots penetrate the ground.
The cerulean imp hits you from afar with a +1 spear.
You die...

......$...# ##
.......... # #.
.........#
#.#.##.........
#.#..........#
......#.....###+
#....#........
#..5##..##...
.... #
#..5h♣5.##.. ...
#.#######.##.#
#..
#.........##.#
#..
######.......#
#.#. #.#######
#.## #.# #.# #.#
#######.# #.#
#####.......#
#.#
#..........##


You could see Natasha and 3 cerulean imps.

Vanquished Creatures
  A bat (D:1)
  4 endoplasms (D:1)
  2 giant cockroaches
  4 goblins (D:1)
  3 quokkas (D:1)
  2 ball pythons (D:1)
  A frilled lizard (D:1)
  3 kobolds (D:1)
  3 rats (D:1)
23 creatures vanquished.

Notes
Turn   | Place    | Note
-------+----------+-------------------------------------------
     0 | D:1      | avis the Demigod Shapeshifter began the quest for the Orb.
     0 | D:1      | Reached XP level 1. HP: 15/15 MP: 3/3
    20 | D:1      | Reached skill level 1 in Fighting
    73 | D:1      | Reached skill level 3 in Unarmed Combat
   194 | D:1      | Reached XP level 2. HP: 17/23 MP: 4/4
  1796 | D:2      | Noticed Natasha
  1808 | D:2      | Slain by a cerulean imp

Illustrated notes

Levels and vault maps discovered:
D:1:      evilmike_arrival_hilbert_curve, layout_basic, serial_curves,
          eino_curves_04, eino_curves_03, dilly_ecumenical_altar_fadedgnrine
D:2:      layout_basic, due_unseen_surprise, uniq_natasha,
          uniq_crazy_yiuf_cottage

Skill      XL: |  1  2 |
---------------+-------+-----
Fighting       | 1 2 |  2.0
Unarmed Combat | 3 |  3.0
Dodging        | 2 |  2.0
Shapeshifting  | |  2.8

Action                     || total
---------------------------++-------
  Melee: Unarmed           ||    75
         Punch             ||     1
    Use: Potion            ||     1
 Armour: Animal skin       ||    31
         Skin              ||     1
  Dodge: Dodged            ||    46
         Form:             ||     1
         Beast             ||     1

Table legend: (Time is in decaauts)
 A = Elapsed time spent in this place.
 B = Non-inter-level travel time spent in this place.
 C = Inter-level travel time spent in this place.
 D = Time resting spent in this place.
 E = Time spent auto-exploring this place.
 F = Levels seen in this place.
 G = Mean time per level.
                   A        B        C        D        E       F      G
               +--------+--------+--------+--------+--------+-----+--------+
         Total |   1809 |   1482 |    327 |    163 |    979 |   2 |  904.5 |
       Dungeon |   1809 |   1482 |    327 |    163 |    979 |   2 |  904.5 |
               +--------+--------+--------+--------+--------+-----+--------+

Top non-repeatable levels by time:
     D:1: 1462 daAuts
     D:2: 346 daAuts
